 Dungeon Crawl Stone Soup version 0.31-a0-1612-g4aaf141 (webtiles) character file.

Game seed: 2038660028253292811

115703 PidgeyThePirate the Nimble (level 16, -1/133 HPs)
             Began as a Demonspawn Gladiator on Jan 9, 2024.
             Was a High Priest of Wu Jian.
             Killed by Olgreb's Toxic Radiance
             ... invoked by PublicAnimeNo1's ghost
              (3 damage)
             ... on level 2 of the Elven Halls.
             The game lasted 01:41:58 (29994 turns).

PidgeyThePirate the Nimble (Demonspawn Gladiator)  Turns: 29994, Time: 01:41:58

Health: -1/133     AC: 23    Str: 15    XL:     16   Next: 19%
Magic:  25/25      EV: 19    Int: 11    God:    Wu Jian [*****.]
Gold:   909        SH:  0    Dex: 17    Spells: 25/27 levels left

rFire   + . .        u - +2 short sword (speed)
rCold   + . .        (no shield)
rNeg    . . .        N - +4 scale mail "Ofiradgh" {Will+}
rPois   +            w - +2 hat
rElec   +            v - +0 cloak
rCorr   +            c - +1 pair of gloves
SInv    +            q - +0 pair of boots
Will    ++++.        J - amulet of faith
Stlth   +++++        g - ring "Vociazit" {Will++ Str-3 Slay+6 SInv}
HPRegen 0.42/turn    y - +4 ring of protection
MPRegen 0.19/turn

%: faith
@: lethally poisoned (-1 -> -16), exhausted, resistant
A: demonic guardian 2, foul stench 2, sturdy frame 2, demonic touch 2
a: Renounce Religion, Wall Jump, Serpent's Lash, Heavenly Storm


You were on level 2 of the Elven Halls.
You worshipped Wu Jian.
Wu Jian was extremely pleased with you.
You visited 5 branches of the dungeon, and saw 22 of its levels.
You visited the Abyss 1 time.
You also visited: Bailey.

You collected 3902 gold pieces.
You spent 2993 gold pieces at shops.

Inventory:

Hand Weapons
 a - a +2 heavy sling
 b - a +1 dagger of venom
 u - a +2 short sword of speed (weapon)
 B - a +0 rapier
Missiles
 d - 6 throwing nets (quivered)
 e - 8 javelins
 l - 4 silver javelins
Armour
 c - a +1 pair of gloves (worn)
 q - a +0 pair of boots (worn)
 v - a +0 cloak (worn)
 w - a +2 hat (worn)
 D - the +1 hat of Hilytt {Will+++ Int-3 Dex-2 Stlth+}
   (You bought it in a shop on level 2 of the Orcish Mines)

   Int-3:     It affects your intelligence (-3).
   Dex-2:     It affects your dexterity (-2).
   Will+++:   It greatly increases your willpower.
   Stlth+:    It makes you more stealthy.
 N - the +4 scale mail "Ofiradgh" (worn) {Will+}
   (You bought it in a shop on level 3 of the Dungeon)

   Will+:     It increases your willpower.
Jewellery
 g - the ring "Vociazit" (left hand) {Will++ Str-3 Slay+6 SInv}
   (You acquired it on level 6 of the Dungeon)

   [ring of see invisible]

   Str-3:     It affects your strength (-3).
   Slay+6:    It affects your accuracy & damage with ranged weapons and melee
   (+6).
   Will++:    It greatly increases your willpower.
   SInv:      It lets you see invisible.
 y - a +4 ring of protection (right hand)
 C - a ring of resist corrosion
 G - an amulet of regeneration
 I - a ring of protection from fire
 J - an amulet of faith (around neck)
 K - a +4 ring of protection
 T - a ring of wizardry
Wands
 p - a wand of mindburst (10)
 r - a wand of quicksilver (12)
 A - a wand of iceblast (7)
 H - a wand of flame (33)
 O - a wand of polymorph (15)
 W - a wand of digging (6)
 Y - a wand of charming (11)
Scrolls
 h - a scroll of teleportation
 i - 6 scrolls of enchant armour
 j - 6 scrolls of revelation
 k - 2 scrolls of torment
 m - a scroll of amnesia
 n - 6 scrolls of vulnerability
 o - 7 scrolls of enchant weapon
 s - a scroll of blinking
 x - 3 scrolls of immolation
 E - 7 scrolls of poison
 F - 4 scrolls of fog
 P - a scroll of silence
 U - a scroll of identify
Potions
 f - a potion of haste
 t - 4 potions of brilliance
 z - a potion of ambrosia
 M - 3 potions of mutation
 R - a potion of magic
 S - a potion of lignification
 V - a potion of might
 X - 2 potions of enlightenment


   Skills:
 + Level 14.0 Fighting
 - Level 14.0 Short Blades
 + Level 2.6 Throwing
 + Level 9.0 Armour
 + Level 14.6 Dodging
 + Level 11.6 Stealth
 * Level 6.1 Spellcasting
 * Level 6.1 Translocations


You had 25 spell levels left.
You knew the following spells:

 Your Spells              Type           Power      Damage    Failure   Level
a - Blink                 Tloc           32%        N/A       3%          2

Your spell library contained the following spells:

 Spells                   Type           Power      Damage    Failure   Level
 Apportation              Tloc           32%        N/A       2%          1
 Lesser Beckoning         Tloc           32%        N/A       3%          2
 Gell's Gravitas          Tloc           16%        N/A       7%          3
 Teleport Other           Tloc           16%        N/A       7%          3
 Magic Dart               Conj           12%        1d3       28%         1
 Necrotise                Necr           12%        1d4       28%         1
 Sandblast                Erth           6%         2d5       28%         1
 Shock                    Conj/Air       12%        1d3       28%         1
 Slow                     Hex            12%        N/A       28%         1
 Sting                    Conj/Alch      12%        1d3       28%         1
 Summon Small Mammal      Summ           12%        N/A       28%         1
 Call Imp                 Summ           6%         N/A       41%         2
 Jinxbite                 Hex            6%         N/A       41%         2
 Scorch                   Fire           6%         2d5       41%         2
 Confusing Touch          Hex            3%         N/A       65%         3
 Frozen Ramparts          Ice            6%         1d1       65%         3
 Passwall                 Erth           3%         N/A       65%         3
 Sigil of Binding         Hex            3%         N/A       65%         3
 Swiftness                Air            3%         N/A       65%         3
 Vampiric Draining        Necr           3%         2d6       65%         3
 Airstrike                Air            1%         2d(1-17)  96%         4
 Anguish                  Hex/Necr       1%         N/A       96%         4
 Cause Fear               Hex            1%         N/A       96%         4
 Flame Wave               Conj/Fire      3%         2d5       96%         4
 Ignite Poison            Fire/Alch      3%         N/A       96%         4
 Leda's Liquefaction      Alch/Erth      1%         N/A       96%         4
 Martyr's Knell           Necr/Summ      3%         N/A       96%         4
 Olgreb's Toxic Radiance  Alch           3%         N/A       96%         4
 Petrify                  Alch/Erth      3%         N/A       96%         4
 Sticky Flame             Fire/Alch      3%         2d4       96%         4
 Curse of Agony           Necr           3%         N/A       100%        5
 Fireball                 Conj/Fire      1%         3d3       100%        5
 Lee's Rapid Deconstruct  Erth           1%         3d4*      100%        5
 Metabolic Englaciation   Hex/Ice        1%         N/A       100%        5
 Yara's Violent Unravell  Hex/Alch       1%         3d3       100%        5
 Plasma Beam              Fire/Air       1%         2x1d11    100%        6
 Sculpt Simulacrum        Ice/Alch       1%         N/A       100%        6
 Summon Cactus Giant      Summ           1%         N/A       100%        6
 Enfeeble                 Hex            1%         N/A       100%        7
 Ignition                 Fire           1%         3d3       100%        8
 Dragon's Call            Summ           1%         N/A       100%        9


Dungeon Overview and Level Annotations

Branches:
Dungeon (14/15)            Temple (1/1) D:7            Lair (3/5) D:11
  Swamp (0/4) Lair:2       Spider (0/4) Lair:2          Orc (2/2) D:10
    Elf (2/3) Orc:2        Vaults (0/5) D:13         Bailey (visited)

Altars:
Ashenzari
Cheibriados
Dithmenos
Fedhas
Gozag
Hepliaklqana
Kikubaaqudgha
Makhleb
Nemelex Xobeh
Okawaru
Qazlal
Ru
Sif Muna
Trog
Uskayaw
Vehumet
Wu Jian
Xom
Yredelemnul

Shops:
D:3 [!=(   D:5 :   D:8 !   Orc:2 [([[   Elf:2 ?![(

Annotations:
D:6 1 runed translucent door, rotlqkf's ghost, novice DrSh
D:14 Josephine; Lodul
Elf:2 PublicAnimeNo1's ghost, adept DsAl


Innate Abilities, Weirdness & Mutations

A demonic guardian rushes to your aid.
You sometimes emit foul miasma when damaged in melee.
Your movements are less encumbered by armour. (ER -4)
Your touch may inflict irresistible damage on your foes.


Message History

You spin and attack PublicAnimeNo1's ghost repeatedly, with incredible momentum.
You hit PublicAnimeNo1's ghost but do no damage.
PublicAnimeNo1's ghost is heavily damaged.
You hit PublicAnimeNo1's ghost but do no damage.
PublicAnimeNo1's ghost is heavily damaged.
Your supernatural speed expires.
Unknown command.
Unknown command.
You feel very sick.
* * * LOW HITPOINT WARNING * * *
You are more poisoned.
Your soul eater hits PublicAnimeNo1's ghost.
You spin and attack PublicAnimeNo1's ghost repeatedly.
You hit PublicAnimeNo1's ghost but do no damage.
Your touch misses PublicAnimeNo1's ghost.
PublicAnimeNo1's ghost is heavily damaged.
You hit PublicAnimeNo1's ghost but do no damage.
PublicAnimeNo1's ghost is heavily damaged.
You puncture PublicAnimeNo1's ghost!
PublicAnimeNo1's ghost is heavily damaged.
* * * LOW HITPOINT WARNING * * *
You feel very sick.
* * * LOW HITPOINT WARNING * * *
You are more poisoned.
PublicAnimeNo1's ghost says, "Don't worry, I won't let your corpse go to waste."
PublicAnimeNo1's ghost hits you but does no damage.
Your soul eater closely misses PublicAnimeNo1's ghost.
Okay, then.
Blink to where?
Press: ? - help, Dir - move target
As you read the scroll of blinking, it crumbles to dust.
* * * LOW HITPOINT WARNING * * *
You feel extremely sick.
Your soul eater hits PublicAnimeNo1's ghost but does no damage.
You feel protected.
* * * LOW HITPOINT WARNING * * *
You feel very sick.
You are more poisoned.
* * * LOW HITPOINT WARNING * * *
You feel very sick.
You die...

..# ##..#~8.~#......# ..#
#/....#~#.3W...# ###
#.#~.%§.##......# #
###.#.####......# # ######
#.....## # #...# #....##
### ##.## ##..## ..## #'#
##'# ...####.# #@#
..['[...# #.#
...[))..########.# ######
...###.......[...###....##
...#
#..##.####....'.....##
..## #.∩##.#
#....').....##
.#####''##.#
#..###..[....#
[........#.# #..#
#.......# .........#.#
##..###.).....######


You could see PublicAnimeNo1's ghost (toxic aura, ally target) and a friendly
soul eater (summoned).

Vanquished Creatures
  Rupert (D:12)
  2 deep elf blademasters (Elf:2)
  A lich (Abyss:1)
  Gastronok (D:8)
  A deep elf sorcerer (Elf:2)
  An orc warlord (Bailey)
  3 deep elf death magi
  A deep elf demonologist (Elf:2)
  Azrael (Orc:1)
  Snorg (D:12)
  Harold (D:10)
  Erolcha (D:13)
  2 hydras
  A catoblepas (D:13)
  2 centaur warriors (D:13)
  20 dancing weapons
  5 two-headed ogres
  A boulder beetle (D:12)
  A tengu warrior (D:13)
  4 death yaks (Lair:2)
  A demonic crawler (Abyss:1)
  Urug (Orc:2)
  Sonja (D:11)
  A shadow wraith (D:13)
  16 deep elf knights
  Nergalle (D:10)
  A sixfirhy (Abyss:1)
  Amaemon (D:8)
  A skyshark (Lair:2)
  2 lindwurms (Lair:3)
  5 deep elf archers
  16 deep elf pyromancers
  19 deep elf zephyrmancers
  5 orc knights
  2 ugly things
  Maurice (Orc:2)
  3 manticores
  3 rust devils (D:9)
  A black mamba (Lair:2)
  A meliai (shapeshifter) (Elf:1)
  5 elephants (Lair:1)
  A moth of wrath (D:11)
  A moth of wrath (shapeshifter) (Elf:1)
  6 kobold blastminers
  A black mamba (shapeshifter) (D:13)
  A smoke demon (D:9)
  A gargoyle (D:12)
  An orange demon (D:8)
  A komodo dragon (shapeshifter) (Elf:1)
  A rime drake (Lair:3)
  9 cane toads
  An unseen horror (D:12)
  2 tengu conjurers (D:13)
  10 komodo dragons
  2 efreet
  A freezing wraith (Abyss:1)
  A red devil (D:9)
  An ancient zyme (Abyss:1)
  A polar bear (Lair:2)
  A polar bear (shapeshifter) (Elf:1)
  4 trolls
  2 tyrant leeches (Lair:2)
  Grinder (D:3)
  13 blink frogs
  Sigmund (D:6)
  3 shadows
  2 jumping spiders (Lair:2)
  4 wyverns
  5 wraiths
  2 air elementals
  18 yaks
  2 basilisks
  2 water elementals (Elf:1)
  9 fire elementals
  2 wargs
  6 vampire mosquitoes
  A small abomination (Abyss:1)
  A steam dragon (Lair:1)
  An acid dragon (D:10)
  10 water moccasins
  A water moccasin (shapeshifter) (Elf:1)
  2 hell hounds (Orc:1)
  A swamp drake (Lair:3)
  36 orc warriors
  3 black bears
  A sky beast (shapeshifter) (Elf:1)
  4 wolves
  18 centaurs
  8 ogres
  A kobold brigand (D:6)
  8 bullfrogs
  2 gnoll sergeants
  An earth elemental (Elf:1)
  3 scorpions
  6 wights (D:8)
  A howler monkey (D:11)
  3 electric eels
  A lava snake (D:10)
  2 jellies
  6 hounds
  A quasit (Abyss:1)
  23 orc priests
  Jessica (D:3)
  10 iguanas
  21 orc wizards
  12 hell rats (Lair:2)
  12 gnolls
  An adder (D:6)
  2 shadow imps (D:7)
  2 white imps (D:7)
  2 ufetubi (Abyss:1)
  3 dart slugs
  5 ribbon worms
  96 orcs
  5 endoplasms
  13 goblins
  6 hobgoblins
  6 jackals
  4 quokkas
  7 ball pythons
  12 bats
  15 frilled lizards
  16 kobolds
  5 rats
658 creatures vanquished.

Vanquished Creatures (collateral kills)
  A deep elf knight (Elf:2)
  A deep elf archer (Elf:1)
  A troll (D:9)
  2 orc warriors (Orc:2)
  A centaur (Orc:2)
  2 iguanas (Lair:3)
  An orc (Orc:2)
  A frilled lizard (Lair:3)
10 creatures vanquished.

Vanquished Creatures (others)
  An orc wizard (Orc:1)
1 creature vanquished.

Grand Total: 669 creatures vanquished

Notes
Turn   | Place    | Note
-------+----------+-------------------------------------------
     0 | D:1      | PidgeyThePirate the Demonspawn Gladiator began the quest
                  | for the Orb.
     0 | D:1      | Reached XP level 1. HP: 16/16 MP: 1/1
    78 | D:1      | Got the Discourse on the Shivering Boulder
   174 | D:1      | Gained mutation: Your touch may inflict minor irresistible
                  | damage on your foes. [demonic ancestry]
   174 | D:1      | Reached XP level 2. HP: 18/22 MP: 2/2
   398 | D:1      | Reached XP level 3. HP: 28/28 MP: 3/3
  1372 | D:3      | Noticed Grinder
  1481 | D:3      | Found Hazatoh's Distillery.
  1483 | D:3      | Got the Exposition on Polar Burning
  1510 | D:3      | Noticed Jessica
  1517 | D:3      | Killed Jessica
  1518 | D:3      | Reached XP level 4. HP: 34/34 MP: 4/4
  1548 | D:3      | Reached skill level 1 in Armour
  1698 | D:3      | Killed Grinder
  1699 | D:3      | Gained mutation: Your movements are slightly less
                  | encumbered by armour. (ER -2) [demonic ancestry]
  1699 | D:3      | Reached XP level 5. HP: 17/41 MP: 5/5
  1699 | D:3      | Reached XP level 6. HP: 19/47 MP: 6/6
  1893 | D:3      | Found a faded altar of an unknown god.
  1994 | D:3      | Found Acanirub's Jewellery Shoppe.
  2129 | D:3      | Found Hekhlus's Antique Weapon Shop.
  2284 | D:3      | Found Teomiad's Antique Armour Shop.
  3032 | D:4      | Reached skill level 5 in Short Blades
  3260 | D:4      | Reached skill level 1 in Stealth
  3260 | D:4      | Gained mutation: Your movements are less encumbered by
                  | armour. (ER -4) [demonic ancestry]
  3260 | D:4      | Reached XP level 7. HP: 53/53 MP: 7/7
  3484 | D:5      | Entered Level 5 of the Dungeon
  3940 | D:5      | Found Wuicriv's Book Shop.
  3965 | D:5      | Reached XP level 8. HP: 32/61 MP: 8/8
  4091 | D:5      | Reached skill level 5 in Dodging
  5276 | D:6      | Found a runed translucent door.
  5283 | D:6      | Noticed rotlqkf's ghost (novice DrSh)
  5417 | D:6      | Noticed Sigmund
  5424 | D:6      | Identified 4 scrolls of acquirement
  5441 | D:6      | Acquired a manual of Dodging
  5445 | D:6      | Acquired 929 gold pieces
  5450 | D:6      | Acquired 545 gold pieces
  5454 | D:6      | Acquired the ring "Vociazit" {Will++ Str-3 Slay+6 SInv}
  5507 | D:6      | Killed Sigmund
  5508 | D:6      | Reached skill level 5 in Fighting
  6120 | D:7      | Found an opulent altar of Gozag.
  6386 | D:7      | Reached XP level 9. HP: 61/68 MP: 9/9
  6392 | D:7      | Found a staircase to the Ecumenical Temple.
  6398 | Temple   | Entered the Ecumenical Temple
  6480 | Temple   | Became a worshipper of the Wu Jian Council
  6889 | D:3      | Bought an amulet of faith for 400 gold pieces
  6889 | D:3      | Bought a +4 ring of protection for 360 gold pieces
  6915 | D:3      | Bought a potion of heal wounds for 50 gold pieces
  6915 | D:3      | Bought 2 potions of curing for 60 gold pieces
  6915 | D:3      | Bought a potion of heal wounds for 50 gold pieces
  6915 | D:3      | Bought a potion of curing for 30 gold pieces
  6915 | D:3      | Bought a potion of curing for 30 gold pieces
  6915 | D:3      | Bought 2 potions of mutation for 160 gold pieces
  6933 | D:3      | Bought a glimmering scale mail for 252 gold pieces
  6933 | D:3      | Identified the +4 scale mail "Ofiradgh" {Will+} (You bought
                  | it in a shop on level 3 of the Dungeon)
  7220 | D:8      | Found a radiant altar of Vehumet.
  7554 | D:8      | Noticed an orange demon
  7580 | D:8      | Found Anuoq's Distillery.
  7637 | D:8      | Bought a potion of heal wounds for 70 gold pieces
  7637 | D:8      | Bought a potion of might for 56 gold pieces
  7637 | D:8      | Bought a potion of heal wounds for 70 gold pieces
  7637 | D:8      | Bought a potion of heal wounds for 70 gold pieces
  7637 | D:8      | Bought a potion of heal wounds for 70 gold pieces
  7637 | D:8      | Bought a potion of heal wounds for 70 gold pieces
  7637 | D:8      | Bought a potion of heal wounds for 70 gold pieces
  7801 | D:8      | Noticed Amaemon
  7949 | D:8      | Killed Amaemon
  7950 | D:8      | Reached skill level 5 in Stealth
  7953 | D:8      | Killed an orange demon
  8172 | D:8      | Noticed Gastronok
  8205 | D:8      | Killed Gastronok
  8206 | D:8      | Gained mutation: Your touch may inflict irresistible damage
                  | on your foes. [demonic ancestry]
  8206 | D:8      | Reached XP level 10. HP: 75/77 MP: 10/10
  8292 | D:8      | Found a shadowy altar of Dithmenos.
  8293 | D:8      | Found a hazy altar of Hepliaklqana.
  8503 | D:9      | Noticed a rust devil
  8503 | D:9      | Noticed a smoke demon
  8504 | D:9      | Noticed a rust devil
  8505 | D:9      | Noticed a rust devil
  8532 | D:9      | Killed a smoke demon
  8783 | D:9      | Found a flagged portal.
  8820 | Bailey   | Entered a bailey
  8830 | Bailey   | Noticed an orc warlord
  8850 | Bailey   | Reached * piety under Wu Jian
  8861 | Bailey   | Noticed an orc knight
  8886 | Bailey   | Killed an orc knight
  8981 | Bailey   | Found a runed translucent gate.
  8981 | Bailey   | Found a runed translucent gate.
  8981 | Bailey   | Found a runed translucent gate.
  9169 | Bailey   | Killed an orc warlord
  9170 | Bailey   | Reached skill level 10 in Short Blades
  9288 | Bailey   | Gained mutation: A weak demonic guardian rushes to your
                  | aid. [demonic ancestry]
  9288 | Bailey   | Reached XP level 11. HP: 84/84 MP: 11/11
  9324 | D:9      | Noticed a two-headed ogre
  9331 | D:9      | Killed a two-headed ogre
  9412 | D:9      | Noticed a two-headed ogre
  9423 | D:9      | Killed a two-headed ogre
  9474 | D:9      | Reached ** piety under Wu Jian
  9593 | D:9      | Gained mutation: You may rarely emit foul miasma when
                  | damaged in melee. [demonic ancestry]
  9593 | D:9      | Reached XP level 12. HP: 91/91 MP: 12/12
 10019 | D:10     | Entered Level 10 of the Dungeon
 10099 | D:10     | Reached skill level 5 in Armour
 10203 | D:10     | Found a staircase to the Orcish Mines.
 10278 | D:10     | Reached *** piety under Wu Jian
 10701 | D:10     | Noticed Harold
 10717 | D:10     | Killed Harold
 11040 | D:10     | Found a shimmering altar of Xom.
 11040 | D:10     | Found a sparkling altar of Nemelex Xobeh.
 11066 | D:10     | Noticed Nergalle
 11067 | D:10     | Killed Nergalle
 11275 | D:11     | Noticed Sonja
 11365 | D:11     | Found a gate leading to a gauntlet.
 11377 | Abyss:1  | Cast into level 1 of the Abyss (Sonja)
 11396 | Abyss:1  | Identified the +0 mace of Yeast {elec, Str+2}
 11403 | Abyss:1  | Found a corrupted altar of Lugonu.
 11413 | Abyss:1  | Found a corrupted altar of Lugonu.
 11431 | Abyss:1  | Found a corrupted altar of Lugonu.
 11448 | Abyss:1  | Noticed a lich
 11464 | Abyss:1  | Killed a lich
 11491 | Abyss:1  | Noticed a cyan very ugly thing
 11491 | Abyss:1  | Noticed a cyan very ugly thing
 11491 | Abyss:1  | Noticed a cyan very ugly thing
 11547 | Abyss:1  | Noticed a demonic crawler
 11562 | Abyss:1  | Killed a demonic crawler
 11575 | Abyss:1  | Noticed a balrug
 11666 | Abyss:1  | Noticed a tentacled starspawn
 11703 | D:11     | Escaped the Abyss
 11881 | D:11     | Noticed a two-headed ogre
 11892 | D:11     | Killed a two-headed ogre
 11909 | D:11     | Reached **** piety under Wu Jian
 11981 | D:11     | Found a staircase to the Lair.
 12034 | D:11     | Killed Sonja
 12171 | D:11     | Reached skill level 10 in Dodging
 12192 | D:11     | Found a bloodstained altar of Trog.
 12482 | D:12     | Noticed Rupert
 12505 | D:12     | Killed Rupert
 12506 | D:12     | Reached XP level 13. HP: 39/95 MP: 13/13
 13381 | D:12     | Noticed Snorg
 13386 | D:12     | Killed Snorg
 13839 | D:13     | Noticed Erolcha
 14179 | D:13     | Identified the +0 robe of Tinept {rPois rF++ rCorr MP-9}
 14645 | D:13     | Reached skill level 10 in Fighting
 14712 | D:13     | Found a gate to the Vaults.
 15114 | D:13     | Killed Erolcha
 15674 | D:14     | Got Sif Muna's Octavo of the Horrible Pyre
 15740 | D:14     | Noticed Lodul
 15740 | D:14     | Noticed Josephine
 16242 | Lair:1   | Entered Level 1 of the Lair of Beasts
 17659 | Lair:2   | Found a hole to the Spider Nest.
 17674 | Lair:2   | Reached ***** piety under Wu Jian
 17675 | Lair:2   | Reached XP level 14. HP: 71/111 MP: 14/14
 17942 | Lair:2   | Learned a level 2 spell: Blink
 18651 | Lair:2   | Reached skill level 1 in Spellcasting
 18653 | Lair:2   | Reached skill level 1 in Translocations
 18993 | Lair:2   | Found a staircase to the Swamp.
 20552 | Orc:1    | Entered Level 1 of the Orcish Mines
 20556 | Orc:1    | Reached ****** piety under Wu Jian
 20783 | Orc:2    | Entered Level 2 of the Orcish Mines
 20783 | Orc:2    | Noticed Azrael
 21072 | Orc:1    | Killed Azrael
 21324 | Orc:2    | Noticed Maurice
 21456 | Orc:2    | Killed Maurice
 21498 | Orc:2    | Found a staircase to the Elven Halls.
 21524 | Orc:2    | Noticed Urug
 21532 | Orc:2    | Killed Urug
 23389 | Orc:2    | Found Pofu Zyw's Weapon Shoppe.
 23389 | Orc:2    | Found Zutucif's Antique Armour Boutique.
 23391 | Orc:2    | Found Pimaj's Armour Shop.
 23393 | Orc:2    | Found Qaklusm's Antique Armour Emporium.
 23525 | Orc:2    | Bought a faintly glowing hat for 279 gold pieces
 23525 | Orc:2    | Identified the +1 hat of Hilytt {Will+++ Int-3 Dex-2
                  | Stlth+} (You bought it in a shop on level 2 of the Orcish
                  | Mines)
 23746 | Elf:1    | Entered Level 1 of the Elven Halls
 24350 | Elf:1    | Reached skill level 10 in Stealth
 24350 | Elf:1    | Gained mutation: You sometimes emit foul miasma when
                  | damaged in melee. [demonic ancestry]
 24350 | Elf:1    | Reached XP level 15. HP: 115/117 MP: 20/20
 24955 | Elf:1    | Got Qoischuc's Secrets of Reconfiguration
 24965 | Elf:1    | Identified the +5 plate armour "Ezxuinil" {Harm rN+ Str+4}
 25937 | Elf:2    | Found Takehir's Distillery.
 25950 | Elf:2    | Bought a potion of curing for 48 gold pieces
 25950 | Elf:2    | Bought a potion of resistance for 160 gold pieces
 25950 | Elf:2    | Bought a potion of haste for 160 gold pieces
 25950 | Elf:2    | Bought a potion of curing for 48 gold pieces
 26134 | Elf:2    | Found Meelett's Magic Scroll Shoppe.
 26157 | Elf:2    | Bought a scroll of identify for 38 gold pieces
 26157 | Elf:2    | Bought a scroll of teleportation for 57 gold pieces
 26157 | Elf:2    | Bought a scroll of identify for 38 gold pieces
 26157 | Elf:2    | Bought a scroll of teleportation for 57 gold pieces
 26157 | Elf:2    | Bought a scroll of identify for 38 gold pieces
 26318 | Elf:2    | Found a runed translucent gate.
 26318 | Elf:2    | Found a runed translucent gate.
 26374 | Elf:2    | Found a runed translucent gate.
 26632 | Elf:2    | Identified the +0 scale mail of Generosity {+Inv rF++
                  | Str-3}
 26780 | Elf:2    | Found Gewkonuc's Antique Armour Boutique.
 26786 | Elf:2    | Bought a pair of embroidered gloves for 202 gold pieces
 26829 | Elf:2    | Reached skill level 5 in Spellcasting
 26839 | Elf:2    | Found Uvozeojo's Weapon Boutique.
 26876 | Elf:2    | Noticed a deep elf sorcerer
 26902 | Elf:2    | Reached skill level 5 in Translocations
 26936 | Elf:2    | Killed a deep elf sorcerer
 27290 | Elf:2    | Found a shimmering blue altar of Sif Muna.
 27292 | Elf:2    | Noticed a deep elf blademaster
 27299 | Elf:2    | Noticed a deep elf blademaster
 27645 | Elf:2    | Killed a deep elf blademaster
 27864 | Elf:2    | Found a large runed translucent door.
 27865 | Elf:2    | Found a large runed translucent door.
 27865 | Elf:2    | Noticed PublicAnimeNo1's ghost (adept DsAl)
 28220 | Elf:2    | Killed a deep elf blademaster
 28741 | Elf:2    | Gained mutation: A demonic guardian rushes to your aid.
                  | [demonic ancestry]
 28741 | Elf:2    | Reached XP level 16. HP: 124/132 MP: 24/24
 29994 | Elf:2    | HP: 2/133 [poisoned by PublicAnimeNo1's ghost (toxic
                  | radiance)]
 29994 | Elf:2    | Killed from afar by PublicAnimeNo1's ghost

Illustrated notes

Levels and vault maps discovered:
D:1:      giann_forest_graveyard, layout_basic, minmay_pentomino_q4
D:2:      layout_rooms
D:3:      layout_basic, serial_shops, shop, nicolae_shop_getting_attention,
          nicolae_diamond_shop, shop, hellmonk_ecumenical_altar_arch_garden,
          roderic_batcave, uniq_jessica, uniq_grinder
D:4:      layout_loops_ring
D:5:      nicolae_cairo_tiling_large_dashed, layout_cave_pools, serial_shops,
          shop
D:6:      layout_basic, ebering_ghost_sewer_d, uniq_sigmund
D:7:      layout_basic, nicolae_gozag_seed_capital, minmay_temple_entry_fiery
D:8:      layout_loops_ring, riverfiend_overflow_shadow_ancestor,
          nicolae_vehumet_altar_sigil, corexii_corridor_pit,
          nicolae_wooded_promenade, uniq_amaemon, uniq_gastronok
D:9:      layout_loops_ring, serial_aquarium, aquarium_bridge_square
          [aquarium_subvault_bridge, aquarium_subvault_window,
          aquarium_subvault_wall, aquarium_subvault_bridge],
          aquarium_bridge_long_joined [aquarium_subvault_bridge,
          aquarium_subvault_bridge, aquarium_subvault_window,
          aquarium_subvault_wall, aquarium_subvault_wall,
          aquarium_subvault_wall], aquarium_window_fake, aquarium_window_2,
          aquarium_window_2, aquarium_window_1, aquarium_view_2e,
          aquarium_view_2e, aquarium_pool_2, enter_bailey_7,
          nicolae_where_there's_smoke
D:10:     layout_loops_corners, nicolae_overflow_two_pavilions,
          hiddenorc2_lemuel, uniq_harold, uniq_nergalle
D:11:     layout_gridville, david_lair_shrubbed, gauntlet_entry_generic,
          tgw_trog, uniq_sonja
D:12:     layout_loops_corners, uniq_snorg, uniq_rupert
D:13:     layout_layer_cave, david_vaults_4, uniq_erolcha
D:14:     layout_big_octagon, serial_shops, shop, minmay_misc_feat_five,
          minmay_shattered_shrine, uniq_lodul, uniq_josephine
Temple:   minmay_temple_bridge_d
Lair:1:   layout_roguey, nicolae_lair_grazing_beasts
          [nicolae_sub_lair_graze_edge, nicolae_sub_lair_graze_edge,
          nicolae_sub_lair_graze_edge, nicolae_sub_lair_graze_edge]
Lair:2:   layout_cave_pods, minmay_swamp_entry_worms, spider_nest_entry_a,
          serial_bayou_shore_b, grunt_megastairs_5
Lair:3:   lemuel_reptile_caves, layout_long_grid, serial_bayou_lagoon_a,
          nicolae_lair_lindhole
Orc:1:    layout_caves
Orc:2:    st_orc_rangers, layout_caves, special_room, mines1_david,
          uniq_maurice, uniq_azrael, uniq_urug
Elf:1:    layout_onion_city, nicolae_elf_shapeshifter_party
Elf:2:    elven_hall_of_blades_hangedman_original
          [nicolae_blade_entry_floor_patterns], layout_gridlike, serial_shops,
          shop, nicolae_shop_trees, nicolae_shop_pleasant_corner_grove, shop,
          basic_altar, ebering_ghost_disaster_area, nicolae_twisting_strands,
          guppyfry_elf_castle

Skill      XL: |  1  2  3  4  5  6  7  8  9 10 11 12 13 14 15 16 |
---------------+-------------------------------------------------+-----
Dodging        | 3 4 6 7 8 10 13 14 | 14.6
Short Blades   | 3 4 5 6 8 12 13 14 | 14.0
Armour         | 2 3 4 6 7 8 9 |  9.0
Fighting       | 3 4 5 6 7 9 10 12 13 14 | 14.0
Stealth        | 1 2 4 5 6 7 9 10 11 | 11.6
Throwing       | 2 |  2.6
Spellcasting   | 3 5 6 |  6.1
Translocations | 3 5 6 |  6.1

Action                     |  1- 3 |  4- 6 |  7- 9 | 10-12 | 13-15 | 16-18 || total
---------------------------+-------+-------+-------+-------+-------+-------++-------
  Melee: Rapier            |   101 |   126 |    75 |   473 |  1536 |       ||  2311
         Touch             |    12 |    27 |    50 |   106 |   430 |    24 ||   649
         Punch             |       |     1 |     5 |     3 |    26 |     1 ||    36
         Dagger            |       |       |   169 |       |       |       ||   169
         Short sword       |       |       |       |       |   333 |   150 ||   483
  Throw: Throwing net      |       |       |       |     5 |       |       ||     5
 Invoke: Serpent's Lash    |       |       |       |     3 |    20 |     3 ||    26
         Heavenly Storm    |       |       |       |       |     1 |       ||     1
Ability: Lunge             |       |       |     7 |    49 |   143 |     7 ||   206
         Whirlwind         |       |       |       |    31 |   268 |    15 ||   314
         Wall Jump         |       |       |       |     3 |     1 |       ||     4
  Evoke: Wand              |       |       |       |     1 |       |       ||     1
    Use: Potion            |       |     5 |     5 |    18 |     8 |     5 ||    41
         Scroll            |       |       |    11 |     8 |    19 |     3 ||    41
   Stab: Sleeping          |     1 |     1 |     6 |     9 |    30 |       ||    47
         Distracted        |       |       |     1 |       |    11 |     1 ||    13
 Armour: Leather armour    |    59 |    51 |    80 |       |       |       ||   190
         Scale mail        |       |       |    35 |   144 |   684 |    44 ||   907
         Skin              |       |       |       |       |     3 |       ||     3
  Dodge: Dodged            |    76 |    76 |   126 |   170 |   880 |    27 ||  1355

Table legend: (Time is in decaauts)
 A = Elapsed time spent in this place.
 B = Non-inter-level travel time spent in this place.
 C = Inter-level travel time spent in this place.
 D = Time resting spent in this place.
 E = Time spent auto-exploring this place.
 F = Levels seen in this place.
 G = Mean time per level.
                   A        B        C        D        E       F      G
               +--------+--------+--------+--------+--------+-----+--------+
         Total |  29269 |  27231 |   2038 |      0 |  19912 |  24 | 1219.5 |
       Dungeon |  15350 |  13960 |   1390 |      0 |  10867 |  14 | 1096.4 |
        Temple |    155 |     14 |    141 |      0 |      7 |   1 |  155.0 |
          Lair |   4113 |   3919 |    194 |      0 |   3042 |   3 | 1371.0 |
  Orcish Mines |   2869 |   2808 |     61 |      0 |   1878 |   2 | 1434.5 |
   Elven Halls |   5985 |   5733 |    252 |      0 |   3794 |   2 | 2992.5 |
         Abyss |    325 |    325 |      0 |      0 |     81 |   1 |  325.0 |
        Bailey |    468 |    468 |      0 |      0 |    242 |   1 |  468.0 |
               +--------+--------+--------+--------+--------+-----+--------+

Top non-repeatable levels by time:
   Elf:2: 3575 daAuts
   Elf:1: 2410 daAuts
    D:13: 2251 daAuts
  Lair:2: 1737 daAuts
   Orc:1: 1505 daAuts
    D:10: 1481 daAuts
    D:12: 1400 daAuts
   Orc:2: 1364 daAuts
  Lair:3: 1308 daAuts
     D:3: 1253 daAuts
     D:7: 1215 daAuts
     D:8: 1181 daAuts
     D:6: 1158 daAuts
     D:4: 1131 daAuts
  Lair:1: 1067 daAuts
